 Dungeon Crawl Stone Soup version 0.25-a0-1036-g6f112fb28d (webtiles) character file.

Game seed: 1256437538646573804, levelgen mode: deterministic

158 Maedhros the Sneak (level 5, -2/33 HPs)
             Began as an Octopode Artificer on May 13, 2020.
             Was a Plaything of Xom.
             Killed themself with a badly aimed fireball (8 damage)
             ... on level 3 of the Dungeon.
             The game lasted 00:03:57 (532 turns).

Maedhros the Sneak (Octopode Artificer)              Turns: 532, Time: 00:03:58

Health: -2/33      AC:  1    Str: 10 (12) XL:     5   Next: 39%
Magic:  7/7        EV: 12    Int: 13      God:    Xom [*.....]
Gold:   26         SH:  2    Dex:  9 (13) Spells: 4/4 levels left

rFire    . . .     SeeInvis .   a - +0 short sword
rCold    . . .     Gourm    .   g - +0 buckler
rNeg     . . .     Faith    .   (helmet restricted)
rPois    .         Spirit   .   (no amulet)
rElec    .         Reflect  .   (no ring)
rCorr    .         Harm     .   (no ring)
MR       .....                  (no ring)
Stlth    ++++......             (no ring)
HPRegen  0.11/turn              (no ring)
MPRegen  0.10/turn              (no ring)
                                (no ring)
                                (no ring)

@: no status effects
A: almost no armour, stealthy swim, amphibious, 8 rings, constrict 8, camouflage
1, gelatinous body 1
a: Renounce Religion


You were on level 3 of the Dungeon.
You worshipped Xom.
You were a special plaything of Xom.
You were not hungry.

You visited 1 branch of the dungeon, and saw 4 of its levels.

You collected 26 gold pieces.

Inventory:

Hand Weapons
 a - a +0 short sword (weapon)
 l - a +0 whip
Armour
 g - a +0 buckler (worn)
Wands
 b - a wand of flame (11)
 d - a wand of random effects (12)
Scrolls
 e - 2 scrolls of identify {unknown}
 h - a scroll of teleportation {unknown}
 i - a scroll of enchant weapon {unknown}
 j - a scroll of remove curse {unknown}
Comestibles
 f - a ration


   Skills:
 - Level 1.0 Fighting
 - Level 1.0 Short Blades
 - Level 2.0 Dodging
 + Level 7.4 Stealth
 - Level 3.2 Evocations


You had 4 spell levels left.
You didn't know any spells.
Your spell library contained the following spells:

 Spells                   Type           Power        Failure   Level  Hunger
 Magic Dart               Conj           #...         45%         1    ##.....


Dungeon Overview and Level Annotations

Branches:
Dungeon (4/15)
 Temple: D:4-7

Altars:
Kikubaaqudgha
Sif Muna
Uskayaw
Vehumet
Xom
Zin
The Shining One


Innate Abilities, Weirdness & Mutations

You cannot wear most types of armour.
You are very stealthy in the water. (Stealth+)
You are amphibious.
You can wear up to eight rings at the same time.
You can use your tentacles to constrict eight enemies at once.
Your skin changes colour to match your surroundings (Stealth+).
Your rubbery body absorbs attacks. (AC +1, EV +1)


Message History

Aiming: Enslavement
Press: ? - help, Shift-Dir - straight line, f - bat
Aim: a bat (chance to defeat MR: 72%)
The bat struggles to resist.
The now-empty wand crumbles to dust.
You block the bat's attack.
Evoke which item? (* to show all) (? for menu, Esc to quit)
You don't have any such object.
Evoke which item? (* to show all) (? for menu, Esc to quit)
You don't have any such object.
Evoke which item? (* to show all) (? for menu, Esc to quit)
Okay, then.
Evoke which item? (* to show all) (? for menu, Esc to quit)
Aiming: Random Effects
Press: ? - help, Shift-Dir - straight line, f/p - bat
Aim: a bat The fireball explodes!
The fireball engulfs the bat!
You kill the bat!
The fireball engulfs you!
You die...
Xom bursts into laughter!

#..K.# #.##.#
#.##.#########
#K##.........#
#.#######.##.##
#.......####..####
####.....#8##...##8###
#.......##...#.⌠.#...#
#.#......#_.@.H....._#
# #.....##..†##.##...#
#..<...##8##...##8##
#(..#.#####8...8###
#.>.).....##._.##
##.#..(....#..#####
..........#######
###.#.(..........
#.#.###)#######


You could see a hippogriff.

Vanquished Creatures
  A phantom (D:4)
  An orc priest (D:4)
  An adder (D:2)
  A gnoll (D:4)
  A leopard gecko (D:3)
  3 orcs (D:4)
  2 giant cockroaches (D:2)
  A goblin (D:3)
  A hobgoblin (D:2)
  4 jackals (D:3)
  3 kobolds
  2 bats (D:3)
  2 rats
23 creatures vanquished.

Vanquished Creatures (collateral kills)
  An orc wizard (D:4)
  2 orcs
  A goblin (D:2)
  A hobgoblin (D:2)
  A kobold (D:3)
6 creatures vanquished.

Vanquished Creatures (others)
  3 gnolls (D:4)
  2 adders
  A goblin (D:3)
6 creatures vanquished.

Grand Total: 35 creatures vanquished

Notes
Turn   | Place    | Note
-------+----------+-------------------------------------------
     0 | D:1      | Maedhros the Octopode Artificer began the quest for the
                  | Orb.
     0 | D:1      | Reached XP level 1. HP: 13/13 MP: 3/3
    54 | D:2      | Reached skill level 3 in Stealth
    54 | D:2      | Reached XP level 2. HP: 18/18 MP: 4/4
   151 | D:3      | Reached skill level 4 in Stealth
   155 | D:3      | Reached XP level 3. HP: 13/23 MP: 5/5
   257 | D:4      | Found a shimmering altar of Xom.
   262 | D:4      | Noticed an angel
   266 | D:4      | Found a glowing silver altar of Zin.
   266 | D:4      | Noticed a phantom
   268 | D:4      | Became a worshipper of Xom of Chaos
   270 | D:4      | Reached skill level 5 in Stealth
   272 | D:4      | Reached skill level 6 in Stealth
   272 | D:4      | Reached XP level 4. HP: 10/28 MP: 6/6
   284 | D:4      | XOM: silly message
   288 | D:4      | XOM: potion effect (haste)
   290 | D:4      | XOM: enchant monster (bad)
   306 | D:4      | Noticed a phantom
   311 | D:4      | Found a glowing golden altar of the Shining One.
   318 | D:4      | Found a hide-covered altar of Uskayaw.
   373 | D:4      | XOM: summons 3 hostile demons
   421 | D:4      | Killed a phantom
   421 | D:4      | Reached skill level 7 in Stealth
   421 | D:4      | Reached XP level 5. HP: 18/33 MP: 7/7
   431 | D:4      | XOM: confusion
   451 | D:4      | XOM: stat loss: -1 Str (10/12)
   515 | D:3      | Found an ancient bone altar of Kikubaaqudgha.
   515 | D:3      | Found a shimmering blue altar of Sif Muna.
   517 | D:3      | Found a radiant altar of Vehumet.
   518 | D:3      | Noticed a hippogriff
   520 | D:3      | Identified Vehumet's Grimoire of Conjuration
   532 | D:3      | Killed themself with a badly aimed fireball

Illustrated notes

Levels and vault maps discovered:
D:1:      minmay_arrival_arboretum_small, layout_loops_cross, bh_walls_and_bars
D:2:      layout_basic, first_ration, hangedman_decor_lopped
D:3:      layout_basic, grunt_temple_overflow_magic_moments,
          portal_sewer_entry_f
D:4:      gammafunk_cloud_chamber, layout_loops_ring,
          grunt_temple_overflow_order_and_chaos_1,
          nicolae_overflow_hidden_temple, eat_drink_and_be_merry_uskayaw,
          grunt_temple_overflow_open

Skill      XL: |  1  2  3  4 |
---------------+-------------+-----
Stealth        | 3 4 6 7 |  7.4
Fighting       | |  1.0
Short Blades   | |  1.0
Dodging        | |  2.0
Evocations     | |  3.2

Action                   |  1- 3 |  4- 6 || total
-------------------------+-------+-------++-------
Melee: Short sword       |    33 |    24 ||    57
       Constrict         |     8 |     5 ||    13
       Tentacles         |     7 |     3 ||    10
Evoke: Wand              |    10 |    12 ||    22
  Use: Potion            |       |     4 ||     4
 Stab: Sleeping          |     4 |       ||     4
Armor: Skin              |     3 |     2 ||     5
Dodge: Dodged            |    21 |    29 ||    50
Block: Buckler           |       |     4 ||     4

Table legend:
 A = Non-vault XP
 B = Vault XP
 C = Vault XP percentage of total XP
 D = Non-vault monster count
 E = Vault monster count
 F = Vault count percentage of total count
                 A         B        C        D         E       F
            +---------+---------+-------+---------+---------+-------
      Total |     226 |       0 |   0.0 |      29 |       0 |   0.0
            +---------+---------+-------+---------+---------+-------
        D:1 |       2 |       0 |   0.0 |       1 |       0 |   0.0
        D:2 |      23 |       0 |   0.0 |       7 |       0 |   0.0
        D:3 |      23 |       0 |   0.0 |      13 |       0 |   0.0
        D:4 |     178 |       0 |   0.0 |       8 |       0 |   0.0
            +---------+---------+-------+---------+---------+-------
